 Dungeon Crawl Stone Soup version 0.26.0-45-g9c1d065592 (webtiles) character file.

Game seed: 16195676612092647508

1798 kaeus the Covert (level 9, -18/61 HPs)
             Began as an Octopode Fighter on Jan 29, 2021.
             Demolished by an orc warrior
             ... wielding a +0 trident
              (21 damage)
             ... on level 7 of the Dungeon.
             The game lasted 00:06:02 (5903 turns).

kaeus the Covert (Octopode Fighter)                 Turns: 5903, Time: 00:06:02

Health: -18/61     AC:  1    Str: 15    XL:     9   Next: 9%
Magic:  9/9        EV: 14    Int: 10    God:
Gold:   525        SH: 10    Dex: 15    Spells: 8/8 levels left

rFire    + . .     SeeInvis .   v - +1 rapier (distort)
rCold    . . .     Faith    .   b - +0 kite shield
rNeg     . . .     Spirit   .   (helmet restricted)
rPois    .         Reflect  .   (no amulet)
rElec    .         Harm     .   a - ring of protection from fire
rCorr    .         Rampage  .   o - ring of flight
Will     .....                  (no ring)
Stlth    +++++.....             (no ring)
HPRegen  0.20/turn              (no ring)
MPRegen  0.11/turn              (no ring)
                                (no ring)
                                (no ring)

@: slowed, very slow
A: almost no armour, stealthy swim, amphibious, 8 rings, constrict 8, camouflage
1, gelatinous body 1
a: Evoke Flight


You were on level 7 of the Dungeon.
You visited 1 branch of the dungeon, and saw 7 of its levels.

You collected 525 gold pieces.

Inventory:

Hand Weapons
 j - a +0 short sword of draining
 l - a +1 short sword of speed
 v - a +1 rapier of distortion (weapon)
Missiles
 q - 8 datura-tipped darts
Armour
 b - a +0 kite shield (worn)
 k - a +0 tower shield
Magical Staves
 x - an uncursed staff of earth {unknown}
Jewellery
 a - a ring of protection from fire (left tentacle)
 o - a ring of flight (right tentacle)
Wands
 d - a wand of iceblast (14)
 p - a wand of digging (9)
Scrolls
 f - 5 scrolls of remove curse
 g - 7 scrolls of identify
 m - 2 scrolls of fog
 r - 2 scrolls of magic mapping
 t - a scroll of teleportation
 u - a scroll of silence {unknown}
Potions
 c - a potion of might
 e - a potion of flight
 h - 2 potions of brilliance
 i - 7 potions of curing
 n - a potion of heal wounds {unknown}
 s - a potion of berserk rage {unknown}
 w - a potion of haste


   Skills:
 + Level 5.5 Fighting
 + Level 4.9 Short Blades
 + Level 5.4 Dodging
 * Level 9.4 Stealth
 + Level 5.4 Shields


You had 8 spell levels left.
You didn't know any spells.
Your spell library was empty.

Dungeon Overview and Level Annotations

Branches:
Dungeon (7/15)
 Temple: D:4-7

Altars:
Ashenzari
Fedhas
Sif Muna
Vehumet
Zin
Beogh

Shops:
D:4 :}(:

Annotations:
D:4 3 runed translucent doors, Hehehe's ghost, amateur DDFi
Abyss:1 Blork the orc


Innate Abilities, Weirdness & Mutations

You cannot wear most types of armour.
You are very stealthy in the water. (Stealth+)
You are amphibious.
You can wear up to eight rings at the same time.
You can use your tentacles to constrict eight enemies at once.
Your skin changes colour to match your surroundings (Stealth+).
Your rubbery body absorbs attacks. (AC +1, EV +1)


Message History

You take 10 damage, and have 22/61 hp.
You barely miss the wyvern skeleton. You block the wyvern skeleton's attack.
The wyvern skeleton bites you.
* * * LOW HITPOINT WARNING * * *
The orc warrior hits you from afar with a +0 trident!
* * * LOW HITPOINT WARNING * * *
You take 16 damage, and have 6/61 hp.
MASSIVE DAMAGE!!
You hit the wyvern skeleton.
Space bends around the wyvern skeleton.
You squeeze the wyvern skeleton!
The wyvern skeleton is heavily damaged.
The wyvern skeleton bites you.
* * * LOW HITPOINT WARNING * * *
The orc warrior closely misses you. The wyvern skeleton closely misses you.
You take 4 damage, and have 2/61 hp.
You hit the wyvern skeleton.
Space warps horribly around the wyvern skeleton!
You destroy the wyvern skeleton!
You block the orc warrior's attack.
The orc warrior hits you from afar with a +0 trident!!
You die...

..##. #. #. #.......
. ..#.#..
#....#.##..## ..
#.....##. ##..
#..... #..
.....#..##...##.####
.... .....
.........####
#..#...
######.....>.
#....o# ##.....#..
#.#######....#....
#@)........###..##
#..).###....###..###
............#.##
#.##
............##.# #.#
...#####..#....##
#.# .#
#..#.##..###.#
............#.####
#####.##..##.......
#...#.###.#....


You could see an orc warrior.

Vanquished Creatures
  Sigmund (D:2)
  A sky beast (D:6)
  An orc warrior (D:6)
  A phantom (D:6)
  4 ogres
  A big kobold (D:2)
  2 bullfrogs (D:7)
  A wyvern skeleton (D:7)
  A bullfrog zombie (D:7)
  2 hounds (D:6)
  An orc priest (D:6)
  4 orc wizards
  Ijyb (D:3)
  A bullfrog skeleton (D:4)
  Natasha (thrice) (D:2)
  Terence (D:2)
  3 worker ants
  A hound skeleton (D:5)
  3 gnolls (D:4)
  9 adders
  A shadow imp (D:6)
  An ooze (D:1)
  4 worms
  5 dart slugs
  2 leopard geckos
  15 orcs
  4 giant cockroaches
  9 hobgoblins
  2 quokkas
  6 bats
  4 frilled lizards
  10 goblins
  9 kobolds
  5 rats
119 creatures vanquished.

Notes
Turn   | Place    | Note
-------+----------+-------------------------------------------
     0 | D:1      | kaeus the Octopode Fighter began the quest for the Orb.
     0 | D:1      | Reached XP level 1. HP: 16/16 MP: 1/1
   135 | D:1      | Reached skill level 1 in Stealth
   154 | D:1      | Reached XP level 2. HP: 20/21 MP: 2/2
   367 | D:1      | Reached skill level 2 in Stealth
   393 | D:1      | Reached XP level 3. HP: 26/26 MP: 3/3
   930 | D:2      | Noticed Sigmund
  1061 | D:2      | Noticed Terence
  1071 | D:2      | Killed Terence
  1072 | D:2      | Reached skill level 3 in Stealth
  1072 | D:2      | Reached XP level 4. HP: 24/31 MP: 4/4
  1264 | D:2      | Killed Sigmund
  1265 | D:2      | Reached skill level 4 in Stealth
  1265 | D:2      | Reached XP level 5. HP: 27/37 MP: 5/5
  1265 | D:2      | Reached XP level 6. HP: 31/43 MP: 6/6
  1383 | D:2      | Found a broken altar of Ashenzari.
  1563 | D:2      | Found a glowing silver altar of Zin.
  1563 | D:2      | Noticed an angel
  1716 | D:2      | Noticed Natasha
  1720 | D:2      | Killed Natasha
  1721 | D:2      | Reached skill level 5 in Stealth
  2024 | D:2      | Noticed Natasha
  2027 | D:2      | Killed Natasha
  2169 | D:2      | Noticed Natasha
  2177 | D:2      | Killed Natasha
  2608 | D:3      | Noticed Ijyb
  2620 | D:3      | Killed Ijyb
  2621 | D:3      | Reached XP level 7. HP: 38/48 MP: 7/7
  2684 | D:3      | Found a faded altar of an unknown god.
  3299 | D:4      | Found Hyipsiem's Book Shop.
  3302 | D:4      | Found Nieno's Weapon Shoppe.
  3373 | D:4      | Reached skill level 6 in Stealth
  3547 | D:4      | Found a runed translucent gate.
  3547 | D:4      | Found a runed translucent gate.
  3548 | D:4      | Found a runed translucent gate.
  3549 | D:4      | Noticed Hehehe's ghost (amateur DDFi)
  3552 | D:4      | Found a roughly hewn altar of Beogh.
  3623 | D:4      | Found Udwismit's Gadget Boutique.
  3679 | D:4      | Found Hueged's Book Shop.
  3941 | D:4      | Found a radiant altar of Vehumet.
  4057 | D:5      | Entered Level 5 of the Dungeon
  4085 | D:5      | Reached skill level 7 in Stealth
  4440 | D:5      | Reached XP level 8. HP: 54/54 MP: 8/8
  4835 | D:6      | Found a shimmering blue altar of Sif Muna.
  4869 | D:6      | Reached skill level 8 in Stealth
  5129 | D:6      | Reached skill level 5 in Fighting
  5129 | D:6      | Reached skill level 5 in Dodging
  5129 | D:6      | Reached skill level 5 in Shields
  5178 | D:6      | Noticed Blork the orc
  5188 | D:6      | Banished Blork the orc
  5448 | D:6      | Found a blossoming altar of Fedhas.
  5715 | D:7      | Reached skill level 9 in Stealth
  5887 | D:7      | Reached XP level 9. HP: 61/61 MP: 9/9
  5902 | D:7      | HP: 2/61 [wyvern skeleton (4)]
  5903 | D:7      | Demolished by an orc warrior

Illustrated notes

Levels and vault maps discovered:
D:1:      dpeg_arrival_refuge, layout_basic, minmay_close_crescents
D:2:      layout_basic, zin_angel, evilmike_ruin_ashenzari, minivault_26,
          grunt_decor_clamped, uniq_natasha, uniq_sigmund, uniq_terence
D:3:      wad_crossroads, layout_basic, chequers_ecumenical_altar_simple,
          uniq_ijyb
D:4:      layout_basic, marbit_many_paths, biasface_ghost_orc_armoury,
          serial_shops, nicolae_shop_temple_entry_statues_fountains,
          nicolae_shop_behind_doors, kennysheep_little_box, shop
D:5:      layout_basic
D:6:      layout_cave_pools, lemuel_blue_sif_altar,
          nicolae_overflow_crystal_walls, serial_park_tiny_1,
          minmay_diced_spiral, uniq_blork_the_orc
D:7:      layout_rooms, nicolae_ru_the_path_less_chosen,
          minmay_temple_entry_waves, minivault_22, kennysheep_generic_room_5

Skill      XL: |  1  2  3  4  5  6  7  8 |
---------------+-------------------------+-----
Stealth        | 1 2 3 4 5 7 9 |  9.4
Short Blades   | 3 4 |  4.9
Shields        | 4 5 |  5.4
Fighting       | 4 5 |  5.5
Dodging        | 4 5 |  5.4

Action                   |  1- 3 |  4- 6 |  7- 9 || total
-------------------------+-------+-------+-------++-------
Melee: Rapier            |    53 |       |    64 ||   117
       Constrict         |    13 |    12 |    22 ||    47
       Tentacles         |     9 |    13 |    28 ||    50
       Short sword       |    10 |    69 |    68 ||   147
  Use: Scroll            |     3 |     1 |     5 ||     9
       Potion            |       |     4 |       ||     4
 Stab: Sleeping          |     5 |     9 |    22 ||    36
       Distracted        |       |     1 |       ||     1
Armor: Skin              |     6 |     2 |     2 ||    10
Dodge: Dodged            |    22 |    24 |    49 ||    95
Block: Kite shield       |    19 |    27 |    53 ||    99
